 Dungeon Crawl Stone Soup version 0.27.0-65-ge2af304b15 (webtiles) character file.

Game seed: 12525407748456051089

9126 101zpm the Basher (level 11, -6/67 HPs)
             Began as a Gargoyle Fighter on Aug 17, 2021.
             Was a Believer of the Shining One.
             Mangled by an orc knight (10 damage)
             ... in a bailey on Aug 18, 2021.
             The game lasted 00:39:04 (13772 turns).

101zpm the Basher (Gargoyle Fighter)               Turns: 13772, Time: 00:39:05

Health: -6/67      AC: 23    Str: 22    XL:     11   Next: 41%
Magic:  8/11       EV:  9    Int: 10    God:    the Shining One [**....]
Gold:   661        SH: 17    Dex:  9    Spells: 10/10 levels left

rFire    . . .     SeeInvis .   j - +2 whip (flame)
rCold    . . .     Faith    .   c - +0 kite shield
rNeg     + + .     Spirit   .   R - +2 scale mail {Will+}
rPois    ∞         Reflect  .   x - +1 helmet
rElec    +         Harm     .   J - +0 cloak
rCorr    .         Rampage  .   (no gloves)
Will     +....                  t - +0 pair of boots
Stlth    ..........             K - amulet of the acrobat
HPRegen  0.21/turn              (no ring)
MPRegen  0.12/turn              (no ring)

@: divinely shielded, glowing
A: sickness immunity, AC +8, negative energy resistance 1, electricity
resistance, torment resistance 1, petrification resistance
a: Renounce Religion, Divine Shield


You were in a bailey.
You worshipped the Shining One.
The Shining One was pleased with you.
You visited 2 branches of the dungeon, and saw 11 of its levels.
You also visited: Bailey.

You collected 661 gold pieces.

Inventory:

Hand Weapons
 j - a +2 whip of flaming (weapon)
 o - a +0 battleaxe
 B - a +0 hand crossbow
 W - a +2 spear of freezing
 X - a +3 halberd
Missiles
 n - 17 boomerangs (quivered)
 A - 180 stones
 C - 92 bolts
 D - 103 arrows
 E - 42 poisoned darts
 Q - 3 throwing nets
 Y - 5 atropa-tipped darts
Armour
 c - a +0 kite shield (worn)
 t - a +0 pair of boots (worn)
 x - a +1 helmet (worn)
 J - a +0 cloak (worn)
 R - a +2 scale mail of willpower (worn)
Jewellery
 G - a ring of ice
 K - an amulet of the acrobat (around neck)
Wands
 a - a wand of paralysis (7)
 k - a wand of iceblast (18)
 r - a wand of polymorph (11)
 y - a wand of flame (46)
 M - a wand of digging (7)
 O - a wand of mindburst (17)
 P - a wand of acid (8)
 T - a wand of charming (4)
Scrolls
 b - a scroll of enchant weapon
 e - 2 scrolls of amnesia
 g - 2 scrolls of fog
 i - a scroll of blinking
 l - 2 scrolls of enchant armour
 w - a scroll of magic mapping
 z - a scroll of silence {unknown}
 H - a scroll of summoning {unknown}
 I - 3 scrolls of teleportation
 L - a scroll of brand weapon {unknown}
 S - a scroll of immolation {unknown}
 Z - a scroll of fear {unknown}
Potions
 d - a potion of might
 f - 2 potions of brilliance
 h - 4 potions of attraction
 m - 2 potions of lignification {unknown}
 p - 6 potions of curing
 q - a potion of ambrosia {unknown}
 u - a potion of degeneration {unknown}
 v - a potion of mutation
 N - 3 potions of cancellation {unknown}
 U - 2 potions of heal wounds {unknown}
 V - a potion of resistance {unknown}


   Skills:
 + Level 7.4 Fighting
 * Level 11.2 Maces & Flails
 + Level 1.8 Throwing
 + Level 8.6 Armour
 + Level 3.2 Dodging
 + Level 2.1 Stealth
 + Level 9.6 Shields
 + Level 0.7 Unarmed Combat


You had 10 spell levels left.
You didn't know any spells.
Your spell library contained the following spells:

 Spells                   Type           Power      Damage    Failure   Level
 Inner Flame              Hex/Fire       0%         N/A       99%         3
 Cause Fear               Hex            0%         N/A       100%        4
 Discord                  Hex            0%         N/A       100%        8


Dungeon Overview and Level Annotations

Branches:
Dungeon (10/15)            Temple (1/1) D:6            Lair (0/6) D:8
 Bailey (1/1)
    Orc: D:9-12

Altars:
Ashenzari
Cheibriados
Dithmenos
Elyvilon
Fedhas
Gozag
Hepliaklqana
Kikubaaqudgha
Makhleb
Nemelex Xobeh
Okawaru
Qazlal
Ru
Sif Muna
Trog
Uskayaw
Vehumet
Wu Jian
Xom
Yredelemnul
Zin
The Shining One


Innate Abilities, Weirdness & Mutations

You are immune to sickness and miasma.
Your stone body is resilient. (AC +8)
You are immune to poison.
You resist negative energy. (rN+)
You are resistant to electric shocks. (rElec)
You are resistant to unholy torment.
You are immune to petrification.


Message History

You hit the orc knight but do no damage.
The orc knight is heavily wounded.
The orc knight hits you with a +0 war axe.
You hit the orc knight. You burn the orc knight.
The orc knight is heavily wounded.
You block the orc knight's attack.
You hit the orc knight but do no damage.
The orc knight is heavily wounded.
You barely miss the orc knight.
The orc knight is heavily wounded.
The orc knight hits you but does no damage.
You hit the orc knight but do no damage.
The orc knight is heavily wounded.
The orc knight hits you with a +0 war axe!
You hit the orc knight. You burn the orc knight.
The orc knight is heavily wounded.
Your shield is strengthened by the Shining One's divine power.
You block the orc knight's attack.
You hit the orc knight but do no damage.
The orc knight is heavily wounded.
You block the orc knight's attack.
You hit the orc knight but do no damage.
The orc knight is heavily wounded.
The orc knight hits you but does no damage.
You hit the orc knight. You burn the orc knight.
The orc knight is severely wounded.
You hit the orc knight. You burn the orc knight.
The orc knight is severely wounded.
The orc knight hits you with a +0 war axe!
* * * LOW HITPOINT WARNING * * *
You hit the orc knight but do no damage.
The orc knight is severely wounded.
The orc knight hits you with a +0 war axe!
* * * LOW HITPOINT WARNING * * *
You whack the orc knight! You burn the orc knight.
The orc knight is almost dead.
You hit the orc knight but do no damage.
The orc knight is almost dead.
The orc knight hits you with a +0 war axe!
You die...

+..... #####'''#####
#...........#
######≈≈≈≈...≈≈≈≈######
≈≈≈≈≈≈≈≈≈≈...≈≈≈≈≈≈≈≈≈≈
≈≈≈≈≈≈≈≈≈≈...≈≈≈≈≈≈≈≈≈≈
≈≈≈≈≈≈≈≈≈≈...≈≈≈≈≈≈≈≈≈≈
≈≈≈≈≈≈≈≈≈≈.)o≈≈≈≈≈≈≈≈≈≈
≈≈≈≈≈≈≈....)@...≈≈≈≈≈≈≈
########.......########
#.......# #.......#
#...∩...# #.......#
###...### #.∩.# #####


You could see an orc knight.

Vanquished Creatures
  Pikel (D:8)
  Maurice (D:7)
  A gargoyle (D:10)
  A kobold demonologist (D:8)
  A rime drake (shapeshifter) (D:9)
  A shadow (D:9)
  A wraith (D:10)
  A wyvern (D:7)
  9 yaks
  A steam dragon (D:7)
  Menkaure (D:6)
  A water moccasin (D:6)
  8 orc warriors
  An ice beast (D:5)
  3 black bears (D:8)
  2 centaurs (D:10)
  An ogre (D:4)
  3 lemures (D:7)
  A phantom (D:7)
  4 kobold brigands
  7 bullfrogs
  A gnoll sergeant (D:7)
  Blork the orc (D:6)
  A wyvern skeleton (D:7)
  21 killer bees
  9 wights
  A centaur zombie (D:8)
  3 hounds
  2 jellies (D:7)
  Crazy Yiuf (D:5)
  2 gnoll shamans (D:8)
  4 orc priests
  Natasha (thrice) (D:2)
  6 iguanas
  10 orc wizards
  A killer bee zombie (D:8)
  A howler monkey zombie (D:7)
  19 gnolls
  A howler monkey skeleton (D:6)
  7 adders
  2 shadow imps (D:7)
  2 white imps
  An ufetubus (D:4)
  2 worms (D:2)
  A dart slug (D:4)
  26 orcs
  3 ball pythons
  10 endoplasms
  2 giant cockroaches
  2 goblins
  7 hobgoblins
  11 jackals
  13 kobolds
  3 quokkas
  2 bats (D:1)
  2 frilled lizards
  4 rats
237 creatures vanquished.

Vanquished Creatures (others)
  Harold (D:7)
  A kobold (D:8)
  11 fungi
  18 plants (D:8)
31 creatures vanquished.

Grand Total: 268 creatures vanquished

Notes
Turn   | Place    | Note
-------+----------+-------------------------------------------
     0 | D:1      | 101zpm the Gargoyle Fighter began the quest for the Orb.
     0 | D:1      | Reached XP level 1. HP: 14/14 MP: 1/1
   218 | D:1      | Reached XP level 2. HP: 19/19 MP: 2/2
   337 | D:1      | Found a faded altar of an unknown god.
   801 | D:1      | Reached XP level 3. HP: 23/23 MP: 3/3
   856 | D:2      | Noticed Natasha
   870 | D:2      | Killed Natasha
  1047 | D:2      | Noticed Natasha
  1068 | D:2      | Killed Natasha
  1069 | D:2      | Reached XP level 4. HP: 20/29 MP: 4/4
  1073 | D:2      | Reached skill level 3 in Maces & Flails
  1618 | D:2      | Noticed Natasha
  1624 | D:2      | Killed Natasha
  1625 | D:2      | Reached XP level 5. HP: 33/33 MP: 5/5
  1744 | D:2      | Found a burning altar of Makhleb.
  3202 | D:4      | Noticed an ogre
  3210 | D:4      | Killed an ogre
  3211 | D:4      | Reached skill level 4 in Maces & Flails
  3211 | D:4      | Reached skill level 1 in Dodging
  3211 | D:4      | Reached XP level 6. HP: 38/38 MP: 6/6
  4512 | D:4      | Reached XP level 7. HP: 33/43 MP: 7/7
  4940 | D:5      | Entered Level 5 of the Dungeon
  5038 | D:5      | Reached skill level 5 in Maces & Flails
  5038 | D:5      | Reached skill level 5 in Shields
  5720 | D:5      | Found a runed translucent door.
  5721 | D:5      | Noticed Crazy Yiuf
  5726 | D:5      | Killed Crazy Yiuf
  5727 | D:5      | Reached skill level 5 in Armour
  5776 | D:6      | Reached skill level 1 in Stealth
  5804 | D:6      | Reached XP level 8. HP: 46/48 MP: 8/8
  5840 | D:6      | Reached skill level 6 in Maces & Flails
  5876 | D:6      | Noticed Menkaure
  5967 | D:6      | Noticed Blork the orc
  5972 | D:6      | Killed Blork the orc
  6395 | D:6      | Found a staircase to the Ecumenical Temple.
  6526 | Temple   | Entered the Ecumenical Temple
  6778 | Temple   | Became a worshipper of the Shining One
  6893 | D:6      | Reached skill level 7 in Maces & Flails
  7006 | D:6      | Killed Menkaure
  7741 | D:7      | Noticed Harold
  7743 | D:7      | Reached XP level 9. HP: 52/53 MP: 9/9
  7770 | D:7      | Killed Harold
  7771 | D:7      | Reached skill level 5 in Fighting
  7771 | D:7      | Reached skill level 8 in Maces & Flails
  8480 | D:7      | Reached * piety under the Shining One
  8491 | D:7      | Reached skill level 9 in Maces & Flails
  8768 | D:8      | Noticed Maurice
  8967 | D:7      | Killed Maurice
  8968 | D:7      | Reached XP level 10. HP: 58/60 MP: 10/10
  9000 | D:7      | Upgraded the game from 0.27.0-1-g7a089689b8 to
                  | 0.27.0-65-ge2af304b15
  9782 | D:8      | Reached ** piety under the Shining One
  9853 | D:8      | Noticed Pikel
  9870 | D:8      | Killed Pikel
  9871 | D:8      | Reached skill level 1 in Throwing
  9888 | D:8      | Reached skill level 10 in Maces & Flails
 10180 | D:8      | Found a staircase to the Lair.
 10442 | D:9      | Noticed a kobold demonologist
 10448 | D:9      | Noticed a sixfirhy
 10569 | D:8      | Killed a kobold demonologist
 11319 | D:8      | Reached XP level 11. HP: 58/66 MP: 11/11
 12809 | D:10     | Entered Level 10 of the Dungeon
 13141 | D:10     | Reached skill level 11 in Maces & Flails
 13190 | D:10     | Found a radiant altar of Vehumet.
 13254 | D:10     | Found a flagged portal.
 13383 | Bailey   | Entered a bailey
 13710 | Bailey   | Noticed an orc knight
 13772 | Bailey   | Mangled by an orc knight

Illustrated notes

Levels and vault maps discovered:
D:1:      elethiomel_arrival_quiet, layout_loops_ring,
          hellmonk_ecumenical_altar_dog_temple
D:2:      layout_basic, basic_altar, uniq_natasha
D:3:      layout_loops_ring, serial_aquarium, aquarium_bridge_straight
          [aquarium_subvault_bridge, aquarium_subvault_window,
          aquarium_subvault_bridge, aquarium_subvault_balcony],
          aquarium_window_1, aquarium_window_corner, aquarium_view_2e,
          aquarium_balcony_5b
D:4:      layout_gridville, grunt_tough_drop
D:5:      layout_basic, minmay_misc_feat_nine_boxes, uniq_crazy_yiuf_cottage
D:6:      layout_cave_pods, temple_pool_b, uniq_menkaure, uniq_blork_the_orc
D:7:      layout_basic, uniq_harold
D:8:      layout_rooms, grunt_lair_entry_orc_guard_hut, uniq_maurice, uniq_pikel
D:9:      layout_cave_pods
D:10:     layout_loops_ring, kennysheep_mini_moat, enter_bailey_1,
          nicolae_zen_rock_garden, minmay_shop_grid_forest
Temple:   nicolae_temple_the_god_donut
Bailey:   bailey_axe_of_yendor_kennysheep, bailey

Skill      XL: |  1  2  3  4  5  6  7  8  9 10 11 |
---------------+----------------------------------+-----
Maces & Flails | 3 4 5 7 9 10 11 | 11.2
Armour         | 4 5 6 7 8 |  8.6
Shields        | 4 5 6 7 8 9 |  9.6
Fighting       | 4 5 6 7 |  7.4
Dodging        | 1 2 3 |  3.2
Stealth        | 1 2 |  2.1
Throwing       | 1 |  1.8
Unarmed Combat | |  0.7

Action                   |  1- 3 |  4- 6 |  7- 9 | 10-12 || total
-------------------------+-------+-------+-------+-------++-------
Melee: Flail             |    75 |   191 |    26 |       ||   292
       Unarmed           |     9 |     4 |       |       ||    13
       Whip              |       |       |   353 |   605 ||   958
Throw: Boomerang         |       |       |     7 |    23 ||    30
Invok: Divine Shield     |       |       |       |     1 ||     1
Evoke: Wand              |       |       |       |     1 ||     1
  Use: Scroll            |       |     5 |     1 |     6 ||    12
Armor: Scale mail        |    43 |    25 |    27 |   237 ||   332
       Skin              |     1 |     1 |       |       ||     2
       Plate armour      |       |    82 |   204 |       ||   286
Dodge: Dodged            |    27 |    37 |    71 |   224 ||   359
Block: Kite shield       |    38 |   108 |   142 |   326 ||   614
